 Dungeon Crawl Stone Soup version 0.31-a0-564-g3b7de120b3 (webtiles) character file.

Game seed: 9293396738546741749

38 ytrimaz the Insei (level 3, 0/34 HPs)
             Began as an Octopode Shapeshifter on Aug 18, 2023.
             Succumbed to an adder's poison
             ... on level 2 of the Dungeon.
             The game lasted 00:00:39 (678 turns).

ytrimaz the Insei (Octopode Shapeshifter)            Turns: 678, Time: 00:00:40

Health: 0/34       AC: 21    Str: 11 (14) XL:     3   Next: 43%
Magic:  3/3        EV:  2    Int:  8 (10) God:
Gold:   68         SH:  0    Dex: 12 (14) Spells: 2/2 levels left

rFire   . .          .
                       - Unarmed
rCold   . . .        (no shield)
rNeg    . . .        (helmet currently unavailable)
rPois   +            (no amulet)
rElec   .            (no ring)
rCorr   .            (no ring)
SInv    .            (no ring)
Will    .....        (no ring)
Stlth   +            (no ring)
HPRegen 0.25/turn    (no ring)
MPRegen 0.08/turn    (no ring)
                     (no ring)

%: no passive effects
@: lethally poisoned (0 -> -6), tree-form
A: stationary, stasis, torment immunity, boosted hp, almost no armour,
(amphibious), 8 rings, (camouflage 1), (gelatinous body 1), (nimble swimmer 1),
(tentacles)
a: no special abilities


You were on level 2 of the Dungeon.
You were a tree.
You visited 1 branch of the dungeon, and saw 2 of its levels.

You collected 68 gold pieces.


Innate Abilities, Weirdness & Mutations

You are a tree.
Your roots penetrate the ground, keeping you stationary.
You cannot be teleported.
You are immune to unholy pain and torment.
Your maximum health is greatly increased.
You cannot wear most types of armour.
((You are amphibious.))
You can wear up to eight rings at the same time.
((Your skin changes colour to match your surroundings (Stealth+).))
((Your rubbery body absorbs attacks. (AC +1, EV +1)))
((You are camouflaged when in or above water. (Stealth+)))
((You have tentacles for arms and can constrict up to eight enemies at once.))


   Skills:
 - Level 1.0 Fighting
 + Level 2.7 Dodging
 + Level 3.5 Unarmed Combat
 + Level 3.3 Shapeshifting


You had 2 spell levels left.
You didn't know any spells.
Your spell library contained the following spells:

 Spells                   Type           Power      Damage    Failure   Level
 Tukima's Dance           Hex            0%         N/A       78%         3
 Passage of Golubria      Tloc           0%         N/A       99%         4
 Yara's Violent Unravell  Hex/Tmut       0%         3d3       100%        5

Inventory:

Jewellery
 i - a ring of see invisible
   (You found it on level 2 of the Dungeon)
Talismans
 b - a beast talisman
 c - a flux talisman
Scrolls
 d - 2 scrolls of fog {unknown}
 e - 5 scrolls of identify {unknown}
 g - a scroll of revelation {unknown}
 h - a scroll of amnesia {unknown}

Dungeon Overview and Level Annotations

Branches:
Dungeon (2/15) Zot: 11324

Altars:

########
#......##########
...............#
#...########.####
#.######.########.....
#....♣S...........####
.....#####.....####.#
..# #####.# #.# #.#
#.# #.# ##.#
########.###..#
..........##<## #
########..##.#
.#.########..##.####


You could see an adder.


Message History

A frilled lizard comes into view.
There is a stone staircase leading down here.
A frilled lizard is nearby!
A frilled lizard is nearby!
A dart slug comes into view.
Unknown command.
The helpless frilled lizard fails to defend itself.
You tentacle-slap the frilled lizard.
You kill the frilled lizard!
Unknown command.
A dart slug is nearby!
A dart slug is nearby!
You tentacle-slap the dart slug. You grab the dart slug.
You constrict the dart slug. The dart slug barely misses you.
Unknown command.
You tentacle-slap the dart slug. You squeeze the dart slug.
You kill the dart slug!
You see here a dart slug corpse.
No target in view!
i - a ring of see invisible A frilled lizard and an endoplasm come into view.
There are monsters nearby!
The frilled lizard hisses angrily.
The frilled lizard bites you. 😕 HP[-2]
You take 2 damage, and now have 21/23 hp.
You barely miss the frilled lizard.
The endoplasm quivers.
Your grab misses the frilled lizard. The frilled lizard closely misses you.
Unknown command.
You tentacle-slap the frilled lizard. You grab the frilled lizard.
You constrict the frilled lizard.
You kill the frilled lizard!
Unknown command.
You tentacle-slap the endoplasm.
The endoplasm closely misses you. 😕 HP[+1]
You tentacle-slap the endoplasm. You squeeze the endoplasm.
You kill the endoplasm!
No target in view!
Unknown command. 2 adders come into view.
The adder hisses angrily. x2 😎 HP[+1]
Your hp is fully restored (23).
There are monsters nearby!
There are monsters nearby!
The adder bites you. The adder barely misses you. The adder bites you.
You are poisoned.
The adder poisons you! 😕 HP[-3]
You take 3 damage, and now have 20/23 hp.
Unknown command.
You feel sick. 😕 HP[-1]
You take 1 damage, and now have 19/23 hp.
You feel sick. 😕 HP[-1]
You take 1 damage, and now have 18/23 hp.
You feel sick.
The adder bites you but does no damage. 😮 HP[-1]
You take 1 damage, and now have 17/23 hp.
You tentacle-slap the adder. You grab the adder. You constrict the adder.
You feel sick. The adder bites you.
You are more poisoned.
The adder poisons you! 😮 HP[-3]
You take 3 damage, and now have 14/23 hp.
You barely miss the adder. You constrict the adder.
You feel sick. The adder bites you.
* * * LOW HITPOINT WARNING * * *
You are lethally poisoned!
The adder poisons you! 😨 HP[-3]
You take 3 damage, and now have 11/23 hp.
You tentacle-slap the adder.
You kill the adder!
* * * LOW HITPOINT WARNING * * *
You feel very sick. 😨 HP[-3]
You take 3 damage, and now have 8/23 hp.
Unknown command.
It was a potion of degeneration.
There was something very wrong with that liquid.
You feel weakened.
You feel dopey.
You feel clumsy.
* * * LOW HITPOINT WARNING * * *
You feel sick. The adder bites you.
* * * LOW HITPOINT WARNING * * *
The adder bites you.
* * * LOW HITPOINT WARNING * * *
😱 HP[-6]
You take 6 damage, and now have 2/23 hp.
MASSIVE DAMAGE!! (PAUSE)
Your transformation has ended.
You turn into a tree.
Your roots penetrate the ground.
* * * LOW HITPOINT WARNING * * *
You feel sick. The adder bites you but does no damage.
You now have 34 max hp (+11).
Unknown command.
You hit the adder but do no damage.
You die...

Action                     || total
---------------------------++-------
  Melee: Unarmed           ||    40
         Constrict         ||    12
         Tentacles         ||     5
         Punch             ||     1
    Use: Potion            ||     2
   Stab: Sleeping          ||     5
 Armour: Skin              ||     4
  Dodge: Dodged            ||    22

Levels and vault maps discovered:
D:1:      reono_arrival_mine, layout_rooms
D:2:      layout_loops_ring, ebering_ecumenical_altar_hall,
          grunt_decor_arrowhead, uniq_sigmund

Notes
Turn   | Place    | Note
-------+----------+-------------------------------------------
     0 | D:1      | ytrimaz the Octopode Shapeshifter began the quest for the
                  | Orb.
     0 | D:1      | Reached XP level 1. HP: 13/13 MP: 1/1
     0 | D:1      | magus.rc [v1.9.6]
   130 | D:1      | Reached XP level 2. HP: 17/18 MP: 2/2
   248 | D:1      | You add the spells Tukima's Dance, Passage of Golubria and
                  | Yara's Violent Unravelling to your library.
   568 | D:2      | Reached XP level 3. HP: 23/23 MP: 3/3
   676 | D:2      | HP: 5/23 [adder (1)]
   676 | D:2      | HP: 2/23 [adder (3)]
   678 | D:2      | Succumbed to an adder's poison

Vanquished Creatures
  An adder (D:2)
  2 dart slugs
  2 ball pythons
  An endoplasm (D:2)
  2 giant cockroaches (D:1)
  5 goblins
  2 hobgoblins (D:1)
  2 kobolds (D:1)
  2 frilled lizards (D:2)
  4 rats (D:1)
23 creatures vanquished.

Table legend:
 A = Non-vault XP
 B = Vault XP
 C = Vault XP percentage of total XP
 D = Non-vault monster count
 E = Vault monster count
 F = Vault count percentage of total count
                 A         B        C        D         E       F
            +---------+---------+-------+---------+---------+-------
      Total |      55 |       0 |   0.0 |      23 |       0 |   0.0
            +---------+---------+-------+---------+---------+-------
        D:1 |      30 |       0 |   0.0 |      16 |       0 |   0.0
        D:2 |      25 |       0 |   0.0 |       7 |       0 |   0.0
            +---------+---------+-------+---------+---------+-------

Action                     || total
---------------------------++-------
  Melee: Unarmed           ||    40
         Constrict         ||    12
         Tentacles         ||     5
         Punch             ||     1
    Use: Potion            ||     2
   Stab: Sleeping          ||     5
 Armour: Skin              ||     4
  Dodge: Dodged            ||    22

Illustrated notes

Table legend:
 A = Kills in this place as a percentage of kills in the entire game.
 B = Kills by you in this place as a percentage of kills by you in the entire game.
 C = Kills by friends in this place as a percentage of kills by friends in the entire game.
 D = Other kills in this place as a percentage of other kills in the entire game.
 E = Experience gained in this place as a percentage of experience gained in the entire game.
 F = Experience gained in this place divided by the number of levels of this place that you have seen.
                   A       B       C       D       E      F
               +-------+-------+-------+-------+-------+----------------------
         Total | 100.0 | 100.0 |   N/A |   N/A | 100.0 |  27.5
       Dungeon | 100.0 | 100.0 |   N/A |   N/A | 100.0 |  27.5
               +-------+-------+-------+-------+-------+----------------------

Table legend: (Time is in decaauts)
 A = Elapsed time spent in this place.
 B = Non-inter-level travel time spent in this place.
 C = Inter-level travel time spent in this place.
 D = Time resting spent in this place.
 E = Time spent auto-exploring this place.
 F = Levels seen in this place.
 G = Mean time per level.
                   A        B        C        D        E       F      G
               +--------+--------+--------+--------+--------+-----+--------+
         Total |    675 |    673 |      2 |      0 |    530 |   2 |  337.5 |
       Dungeon |    675 |    673 |      2 |      0 |    530 |   2 |  337.5 |
               +--------+--------+--------+--------+--------+-----+--------+

Top non-repeatable levels by time:
     D:1: 502 daAuts
     D:2: 173 daAuts
